 Dungeon Crawl Stone Soup version 0.25-a0-258-g6d7e32a (webtiles) character file.

Game seed: 6409449909789900135, levelgen mode: deterministic

1384 Letos the Basher (level 8, -2/62 HPs)
             Began as a Formicid Fighter on Dec 6, 2019.
             Slain by an orc warrior
             ... wielding a +0 glaive
              (27 damage)
             ... on level 6 of the Dungeon.
             The game lasted 00:06:22 (4578 turns).

Letos the Basher (Formicid Fighter)                 Turns: 4578, Time: 00:06:23

Health: -2/62      AC: 12    Str: 24    XL:     8   Next: 99%
Magic:  8/8        EV:  6    Int:  7    God:
Gold:   256        SH:  5    Dex: 10    Spells: 7/7 levels left

rFire    . . .     SeeInvis +   d - +0 morningstar
rCold    . . .     Gourm    .   e - +0 buckler
rNeg     . . .     Faith    .   s - +0 plate armour
rPois    .         Spirit   .   (helmet unavailable)
rElec    .         Reflect  .   n - +0 cloak
rCorr    .         Harm     .   (no gloves)
MR       .....                  (no boots)
Stlth    ..........             y - amulet of the acrobat
HPRegen  0.20/turn              x - ring of flight
MPRegen  0.11/turn              (no ring)

@: no status effects
A: permanent stasis, dig shafts and tunnels, four strong arms, antennae 3
a: Dig, Shaft Self, Evoke Flight


You were on level 6 of the Dungeon.
You were hungry.

You visited 1 branch of the dungeon, and saw 6 of its levels.

You collected 256 gold pieces.

Inventory:

Hand Weapons
 d - a +0 morningstar (weapon)
 l - a +0 arbalest of velocity
Armour
 c - a +1 shield
 e - a +0 buckler (worn)
 n - a +0 cloak (worn)
 s - a +0 plate armour (worn)
Jewellery
 x - a ring of flight (left hand)
 y - an amulet of the acrobat (around neck)
Wands
 u - a wand of enslavement (9)
 z - a wand of acid (11)
Scrolls
 a - a scroll of enchant armour
 b - 2 scrolls of remove curse {unknown}
 h - 6 scrolls of identify
 r - 4 scrolls of teleportation {unknown}
 t - a scroll of fear {unknown}
 v - a scroll of magic mapping {unknown}
 w - a scroll of fog {unknown}
Potions
 g - a potion of lignification
 i - a potion of might
 j - a potion of flight
 k - 2 potions of brilliance {unknown}
 m - 4 potions of resistance
 o - 3 potions of magic
 q - a potion of heal wounds
Comestibles
 f - 11 rations
 p - 8 chunks of flesh


   Skills:
 - Level 5.2 Fighting
 * Level 8.7 Maces & Flails
 - Level 3.2 Armour
 + Level 6.7 Shields


You had 7 spell levels left.
You didn't know any spells.
Your spell library contained the following spells:

 Spells                   Type           Power        Failure   Level  Hunger
 Summon Small Mammal      Summ           #...         100%        1    ##.....
 Call Imp                 Summ           #.......     100%        2    ###....
 Call Canine Familiar     Summ           #.......     100%        3    ####...
 Summon Guardian Golem    Hex/Summ       #.......     100%        3    ####...
 Summon Ice Beast         Ice/Summ       #.......     100%        4    #####..
 Summon Lightning Spire   Summ/Air       #.......     100%        4    #####..


Dungeon Overview and Level Annotations

Branches:
Dungeon (6/15)
 Temple: D:4-7

Altars:
Hepliaklqana
Nemelex Xobeh
Qazlal
Uskayaw
Xom
Yredelemnul
The Shining One


Innate Abilities, Weirdness & Mutations

You cannot be hasted, slowed, berserked, paralysed or teleported.
You can dig through walls and to a lower floor.
Your four strong arms can wield two-handed weapons with a shield.
You have a pair of large antennae on your head. (SInv)


Message History

The orc warrior misses you.
You extend your mandibles.
You dig through the rock wall.
You dig through the rock wall.
You dig through the rock wall.
You retract your mandibles.
You hit the orc warrior but do no damage.
The orc warrior is heavily wounded.
The orc warrior hits you with a +0 glaive!
You closely miss the orc warrior.
The orc warrior is heavily wounded.
You block the orc warrior's attack.
You hit the orc warrior but do no damage.
The orc warrior is heavily wounded.
The orc warrior hits you with a +0 glaive!
Your plate armour prevents you from hitting the orc warrior.
The orc warrior is heavily wounded.
You are feeling hungry.
The orc warrior hits you with a +0 glaive!!
You die...

.###....##..#
..#.....##..#
#......#..#
##.........#
#..........#
#.........##
#.......##.##
#.....#####.##
### ....###
##.###@##
....# #..###o#
#..##
#>#..#{## ...#
...##.{## ..##
#.... ##.# ..#
#..... ##.#
.## .....# #.#
.# ##... o.#
.# .>#


You could see an orc warrior.

Vanquished Creatures
  Sigmund (D:2)
  A sky beast (D:4)
  2 ogres
  A black bear (D:4)
  A phantom (D:3)
  A bullfrog (D:6)
  A scorpion (D:5)
  2 crimson imps
  3 orc priests
  3 hounds
  Terence (D:2)
  An iguana (D:5)
  Ijyb (D:5)
  An orc wizard (D:3)
  3 worker ants
  2 hound skeletons
  Robin (D:2)
  2 adders
  4 gnolls (D:3)
  2 oozes
  3 worms
  2 dart slugs (D:1)
  4 leopard geckos
  17 orcs
  5 ball pythons
  2 giant cockroaches
  2 gnoll zombies (D:3)
  24 goblins
  5 hobgoblins
  8 jackals (D:2)
  3 quokkas
  8 bats
  6 frilled lizards
  A giant cockroach zombie (D:5)
  7 kobolds
  4 rats
135 creatures vanquished.

Vanquished Creatures (others)
  3 toadstools (D:6)
3 creatures vanquished.

Grand Total: 138 creatures vanquished

Notes
Turn   | Place    | Note
-------+----------+-------------------------------------------
     0 | D:1      | Letos the Formicid Fighter began the quest for the Orb.
     0 | D:1      | Reached XP level 1. HP: 18/18 MP: 1/1
   155 | D:1      | Reached XP level 2. HP: 21/24 MP: 2/2
   523 | D:2      | Reached XP level 3. HP: 27/30 MP: 3/3
   532 | D:2      | Reached skill level 3 in Maces & Flails
   550 | D:2      | Noticed Sigmund
   561 | D:2      | Killed Sigmund
   561 | D:2      | Reached skill level 4 in Maces & Flails
   561 | D:2      | Reached XP level 4. HP: 21/38 MP: 4/4
   561 | D:2      | Reached XP level 5. HP: 24/43 MP: 5/5
   561 | D:2      | Reached XP level 6. HP: 27/49 MP: 6/6
   796 | D:2      | Reached skill level 5 in Maces & Flails
   813 | D:2      | Noticed an ogre
   814 | D:2      | Noticed Terence
   822 | D:2      | Killed an ogre
   822 | D:2      | Reached skill level 5 in Fighting
   824 | D:2      | Killed Terence
  1223 | D:2      | Noticed Robin
  1264 | D:2      | Killed Robin
  1264 | D:2      | Reached XP level 7. HP: 46/56 MP: 7/7
  1684 | D:3      | Found a hide-covered altar of Uskayaw.
  1790 | D:3      | Found a basalt altar of Yredelemnul.
  1811 | D:3      | Reached skill level 6 in Maces & Flails
  2066 | D:3      | Found a hazy altar of Hepliaklqana.
  2462 | D:3      | Found a sparkling altar of Nemelex Xobeh.
  2760 | D:3      | Reached skill level 5 in Shields
  2760 | D:3      | Reached XP level 8. HP: 57/62 MP: 8/8
  2826 | D:4      | Reached skill level 7 in Maces & Flails
  2899 | D:4      | Found a shimmering altar of Xom.
  3009 | D:4      | Found a stormy altar of Qazlal.
  3442 | D:5      | Entered Level 5 of the Dungeon
  3475 | D:5      | Noticed Ijyb
  3489 | D:5      | Killed Ijyb
  3538 | D:5      | Reached skill level 8 in Maces & Flails
  3908 | D:5      | Found a glowing golden altar of the Shining One.
  4578 | D:6      | Slain by an orc warrior

Levels and vault maps discovered:
D:1:      dpeg_arrival_radiant, layout_rooms
D:2:      layout_rooms, minmay_hexomino_f4, uniq_robin, uniq_terence,
          uniq_sigmund
D:3:      layout_loops_ring, old_standard_altar, lemuel_doored_altar,
          lemuel_zombie_altar_yredelemnul, nemelex_dance_club_becter
D:4:      layout_loops_ring, kennysheep_little_box, grunt_qazlal_sundering,
          first_ration
D:5:      layout_gridville, basic_altar, uniq_ijyb
D:6:      layout_cave_pods, minmay_misc_feat_plants, st_stairs_9,
          minmay_gold_behind_fungi, grunt_ashenzari_visionary
          [grunt_ashenzari_visionary_swamp, grunt_ashenzari_visionary_spider]

Skill      XL: |  1  2  3  4  5  6  7  8 |
---------------+-------------------------+-----
Maces & Flails | 4 5 6 8 |  8.7
Fighting       | 4 5 |  5.2
Shields        | 5 6 |  6.7
Armour         | |  3.2

Action                   |  1- 3 |  4- 6 |  7- 9 || total
-------------------------+-------+-------+-------++-------
Melee: Flail             |    63 |    64 |       ||   127
       Morningstar       |       |    55 |   317 ||   372
 Abil: Dig               |     1 |     1 |    10 ||    12
  Use: Potion            |       |     1 |       ||     1
       Scroll            |       |       |    10 ||    10
  Eat: Chunk             |       |     1 |     9 ||    10
       Ration            |       |       |     1 ||     1
Armor: Scale mail        |    34 |    42 |     7 ||    83
       Chain mail        |       |       |    55 ||    55
       Plate armour      |       |       |   120 ||   120
Dodge: Dodged            |    34 |    55 |   105 ||   194
Block: Buckler           |    15 |    21 |    70 ||   106

Table legend:
 A = Non-vault XP
 B = Vault XP
 C = Vault XP percentage of total XP
 D = Non-vault monster count
 E = Vault monster count
 F = Vault count percentage of total count
                 A         B        C        D         E       F
            +---------+---------+-------+---------+---------+-------
      Total |    1566 |     412 |  20.8 |     112 |      23 |  17.0
            +---------+---------+-------+---------+---------+-------
        D:1 |      25 |       0 |   0.0 |      13 |       0 |   0.0
        D:2 |     191 |     321 |  62.7 |      34 |      17 |  33.3
        D:3 |     461 |      14 |   2.9 |      30 |       4 |  11.8
        D:4 |     316 |       0 |   0.0 |       7 |       0 |   0.0
        D:5 |     301 |      35 |  10.4 |      19 |       1 |   5.0
        D:6 |     272 |      42 |  13.4 |       9 |       1 |  10.0
            +---------+---------+-------+---------+---------+-------
